 Dungeon Crawl Stone Soup version 0.17.0-28-g6e173f8 (webtiles) character file.

18 dohliylev the Sneak (level 2, 0/22 HPs)
             Began as a Vampire Assassin on Dec 3, 2015.
             Was a Follower of Cheibriados.
             Slain by a kobold (3 damage)
             ... on level 2 of the Dungeon.
             The game lasted 00:02:53 (633 turns).

dohliylev the Sneak (Vampire Assassin)               Turns: 633, Time: 00:02:53

Health: 0/22       AC:  3    Str: 12    XL:     2   Next: 51%
Magic:  2/2        EV: 13    Int: 15    God:    Cheibriados [*.....]
Gold:   76         SH:  0    Dex: 17    Spells: 0 memorised, 1 level left

rFire  . . .     SeeInvis +     k - +0 dagger (curse)
rCold  . . .     Clarity  .     c - +0 robe
rNeg   + . .     SustAt   .     (no shield)
rPois  .         Gourm    .     (no helmet)
rElec  .         Spirit   .     d - +0 cloak
rCorr  .         Warding  .     (no gloves)
rMut   .         Stasis   .     (no boots)
MR     .....                    (no amulet)
Stlth  ++++......               (no ring)
                                (no ring)

@: very slow, not resistant to hostile enchantments, stealthy
A: fangs 3, see invisible, unbreathing
a: Bend Time, Renounce Religion


You were on level 2 of the Dungeon.
You worshipped Cheibriados.
Cheibriados was aware of your devotion.
You were not thirsty.

You visited 1 branch of the dungeon, and saw 2 of its levels.

You collected 76 gold pieces.

Inventory:

Hand Weapons
 a - a +2 dagger
 b - a +0 blowgun
 k - a cursed +0 dagger (weapon)
 o - a +0 whip
Missiles
 e - 20 poisoned needles
 f - 2 curare-tipped needles
Armour
 c - a +0 robe (worn)
 d - a +0 cloak (worn)
Scrolls
 i - a scroll of remove curse {unknown}
 p - a scroll of identify {unknown}
Potions
 g - 7 potions of blood
 h - a potion of invisibility {unknown}
 j - a potion of curing {unknown}
 l - 2 potions of haste {unknown}
 m - 2 potions of heal wounds {unknown}
 n - a potion of flight {unknown}
 q - a potion of lignification {unknown}


   Skills:
 + Level 1.7 Fighting
 + Level 2.1 Short Blades
 + Level 1.6 Throwing
 * Level 2.0 Dodging
 + Level 6.5 Stealth


You had one spell level left.
You didn't know any spells.

Dungeon Overview and Level Annotations

Branches:
Dungeon (2/15)

Altars:
Cheibriados


Innate Abilities, Weirdness & Mutations

You have razor-sharp teeth.
You have supernaturally acute eyesight.
You can survive without breathing.


Message History

The bat hits you. The kobold barely misses you. The bat misses you.
The kobold completely misses you. The kobold hits you but does no damage.
The bat closely misses you. The bat misses you. The kobold barely misses you.
The bat hits you but does no damage. The kobold barely misses you.
The bat hits you. The kobold barely misses you. The bat misses you.
The kobold barely misses you. The bat barely misses you. The kobold hits you.
The bat barely misses you. The kobold closely misses you.
The bat hits you but does no damage. The bat closely misses you.
The kobold misses you. The bat hits you but does no damage.
The kobold barely misses you. The bat barely misses you.
The bat closely misses you. The kobold misses you. The bat barely misses you.
The kobold misses you. The bat misses you. The kobold hits you.
The bat barely misses you. The kobold hits you.
* * * LOW HITPOINT WARNING * * *
The bat hits you but does no damage. The kobold hits you.
You die...

#.#..##.# #..........
#.#..##.#
.........#...##.##..
##.....$..#.# ..##.. ##
#...........###......
...#................##..
##.....(......#.###.####
........b.....#.###.# #
.?.....@K........##.# #
######...........##.####
##.................
##.......####.[#..
#.......# ##..#..
#.......###...#.#
#...............#
#.............###
#........<.....# #


You could see a bat and a kobold.

Vanquished Creatures
  A bat (D:1)
  3 goblins (D:1)
  4 hobgoblins
  6 kobolds (D:1)
  3 rats (D:1)
17 creatures vanquished.

Notes
Turn   | Place    | Note
--------------------------------------------------------------
     0 | D:1      | dohliylev the Vampire Assassin began the quest for the Orb.
     0 | D:1      | Reached XP level 1. HP: 16/16 MP: 1/1
    50 | D:1      | Reached skill level 6 in Stealth
   199 | D:1      | Reached XP level 2. HP: 22/22 MP: 2/2
   556 | D:2      | Found a faded altar to an unknown god.
   569 | D:2      | Became a worshipper of Cheibriados the Contemplative
   569 | D:2      | Reached * piety under Cheibriados
   633 | D:2      | Slain by a kobold

Action                   || total
-------------------------++-------
Melee: Dagger            ||    66
 Stab: Sleeping          ||     8
